 Dungeon Crawl Stone Soup version 0.30.1-4-g462c640d31 (webtiles) character file.

Game seed: 12426020527310465598

6743 Kranky the Fighter (level 10, -1/139 HPs)
             Began as a Minotaur Berserker on Aug 17, 2023.
             Was a High Priest of Trog.
             Slain by a slime creature (5 damage)
             ... on level 9 of the Dungeon.
             The game lasted 00:13:50 (9188 turns).

Kranky the Fighter (Minotaur Berserker)             Turns: 9188, Time: 00:13:51

Health: -1/139     AC: 17    Str: 26    XL:     10   Next: 75%
Magic:  9/9        EV: 10    Int:  4    God:    Trog [*****.]
Gold:   407        SH:  0    Dex: 10    Spells: 9/9 levels left

rFire   . . .        J - +0 halberd
rCold   . . .        (shield currently unavailable)
rNeg    . . .        f - +0 plate armour
rPois   .            (helmet restricted)
rElec   .            d - scarf {+Inv}
rCorr   .            H - +0 pair of gloves
SInv    .            p - +0 pair of boots
Will    .....        (no amulet) Stlth
                     (no ring)
HPRegen 0.43/turn    (no ring)
MPRegen 0.11/turn

%: no passive effects
@: berserking, very quick
A: horns 2, retaliatory headbutt
a: Renounce Religion, Evoke Invisibility, Berserk, Trog's Hand, Brothers in Arms


You were on level 9 of the Dungeon.
You worshipped Trog.
Trog was extremely pleased with you.
You visited 1 branch of the dungeon, and saw 9 of its levels.
You also visited: Ossuary.

You collected 407 gold pieces.

Inventory:

Hand Weapons
 a - a +0 spear
 J - a +0 halberd (weapon)
Missiles
 I - 2 throwing nets (quivered)
Armour
 b - a +0 animal skin
 d - a scarf of invisibility (worn)
 f - a +0 plate armour (worn)
 p - a +0 pair of boots (worn)
 G - a +0 cloak
 H - a +0 pair of gloves (worn)
Jewellery
 j - a ring of protection from cold
 q - an amulet of the acrobat
 N - an amulet of faith
 Q - an amulet of magic regeneration
 S - a ring of protection from fire
Wands
 v - a wand of roots (10)
 C - a wand of flame (32)
 O - a wand of charming (6)
Scrolls
 e - 2 scrolls of amnesia {unknown}
 h - 5 scrolls of teleportation
 k - 3 scrolls of fog
 m - 3 scrolls of noise {unknown}
 r - 3 scrolls of poison
 s - a scroll of silence
 t - 2 scrolls of enchant armour {unknown}
 u - 2 scrolls of blinking
 y - 2 scrolls of immolation
 D - 2 scrolls of enchant weapon {unknown}
 E - 2 scrolls of butterflies {unknown}
 F - a scroll of brand weapon {unknown}
 K - 5 scrolls of identify
 L - a scroll of fear {unknown}
 M - a scroll of vulnerability {unknown}
Potions
 c - 3 potions of magic
 g - 5 potions of curing
 i - 4 potions of degeneration {unknown}
 l - 2 potions of invisibility
 n - 6 potions of flight
 o - 2 potions of heal wounds
 w - 3 potions of might
 x - a potion of haste
 z - 2 potions of attraction
 A - a potion of mutation {unknown}
 B - 2 potions of ambrosia {unknown}
 P - 2 potions of brilliance {unknown}
 R - a potion of lignification {unknown}


   Skills:
 + Level 10.2 Fighting
 + Level 10.2 Polearms
 + Level 9.8 Armour
 + Level 9.0 Dodging
 + Level 4.1 Evocations


You had 9 spell levels left.
You didn't know any spells.
Your spell library was empty.

Dungeon Overview and Level Annotations

Branches:
Dungeon (9/15)             Temple (0/1) D:4            Lair (0/5) D:9
Ossuary (visited)
    Orc: D:9-12

Altars:
Ashenzari
Cheibriados
Dithmenos
Gozag
Kikubaaqudgha
Vehumet
The Shining One

Shops:
D:5 =

Annotations:
D:9 3 runed translucent doors, mkat's ghost, journeyman HuFi


Innate Abilities, Weirdness & Mutations

You have a pair of horns on your head.
You reflexively headbutt those who attack you in melee.


Message History

The slime creature is severely wounded.
The slime creature hits you! x2
The slime creature hits you but does no damage.
You are too injured to fight recklessly!
You are too injured to fight recklessly!
You are too injured to fight recklessly!
A red film seems to cover your vision as you go berserk!
You feel yourself moving faster!
You feel mighty! The slime creature hits you. x2
* * * LOW HITPOINT WARNING * * *
The slime creature hits you.
* * * LOW HITPOINT WARNING * * *
You slash the slime creature!
You feel the power of Trog in you as your rage grows.
You kill the slime creature!
Trog accepts your kill. The slime creature hits you.
* * * LOW HITPOINT WARNING * * *
The slime creature hits you!
* * * LOW HITPOINT WARNING * * *
Your Dodging skill increases to level 9!
You barely miss the slime creature.
The slime creature is lightly wounded.
The slime creature hits you!
* * * LOW HITPOINT WARNING * * *
The slime creature hits you!
* * * LOW HITPOINT WARNING * * *
Unknown command.
You are too berserk!
Okay, then.
You completely miss the slime creature.
The slime creature is lightly wounded.
The slime creature hits you but does no damage. x2
You slash the slime creature!
The slime creature is moderately wounded.
You hit the slime creature. You headbutt the slime creature!
The slime creature is heavily wounded.
The slime creature hits you.
* * * LOW HITPOINT WARNING * * *
The slime creature hits you.
You die...

### .....#####
........)# ..J...##.#
#...J ##.# ##.. ##..# ##
##..J# #..J@# #....#
######## ## ##...#
#######....... #.. ##..#
#....>........ .... ##.#
#.#####.#####. .....##.#
#.#####.#####.
........###.>#..........
............##.##.####..
##.###########.##.# #..


You could see 2 slime creatures.

Vanquished Creatures
  A deep elf pyromancer (D:6)
  A troll (D:9)
  Prince Ribbit (D:5)
  3 slime creatures (D:9)
  A wraith (Ossuary)
  11 yaks
  Menkaure (D:5)
  2 steam dragons
  2 water moccasins (D:6)
  2 orc warriors (D:8)
  2 sky beasts
  3 ice beasts
  3 ogres
  4 centaurs
  A phantom (D:5)
  2 bullfrogs
  A kobold brigand (D:8)
  Blork the orc (D:5)
  2 scorpions
  5 wights (D:8)
  3 killer bees (D:9)
  3 vampire bats (D:7)
  3 howler monkeys (D:8)
  3 jellies
  4 orc priests
  A hound (D:7)
  Jessica (D:3)
  4 iguanas
  6 orc wizards
  Natasha (thrice) (D:2)
  A mummy (Ossuary)
  4 adders
  3 gnolls (D:7)
  A shadow imp (D:6)
  An ufetubus (D:6)
  3 worms
  A dart slug (D:1)
  25 orcs
  7 ball pythons
  3 bat skeletons (D:7)
  3 bat zombies (D:7)
  10 endoplasms
  5 giant cockroaches
  7 goblins
  7 hobgoblins
  13 jackals
  4 kobolds
  7 quokkas
  3 bats
  A frilled lizard (D:2)
  8 gnoll skeletons (Ossuary)
  8 kobold skeletons (Ossuary)
  9 orc skeletons (Ossuary)
  8 rats
222 creatures vanquished.

Notes
Turn   | Place    | Note
-------+----------+-------------------------------------------
     0 | D:1      | Kranky the Minotaur Berserker began the quest for the Orb.
     0 | D:1      | Reached XP level 1. HP: 19/19 MP: 0/0
   148 | D:1      | Reached XP level 2. HP: 27/27 MP: 1/1
   461 | D:1      | Reached XP level 3. HP: 33/33 MP: 2/2
   751 | D:2      | Reached ** piety under Trog
  1051 | D:2      | Reached XP level 4. HP: 40/40 MP: 3/3
  1058 | D:2      | Noticed Natasha
  1098 | D:2      | Killed Natasha
  1233 | D:2      | Found a faded altar of an unknown god.
  1515 | D:2      | Noticed Natasha
  1526 | D:2      | Killed Natasha
  1682 | D:2      | Found a faded altar of an unknown god.
  1940 | D:2      | Noticed Natasha
  1949 | D:2      | Killed Natasha
  1950 | D:2      | Reached XP level 5. HP: 47/47 MP: 4/4
  2090 | D:3      | Found a snail-covered altar of Cheibriados.
  2243 | D:3      | Noticed Jessica
  2250 | D:3      | Killed Jessica
  2399 | D:3      | Found a broken altar of Ashenzari.
  2604 | D:4      | Reached skill level 5 in Fighting
  2604 | D:4      | Reached skill level 5 in Polearms
  2657 | D:4      | Noticed an ogre
  2677 | D:4      | Killed an ogre
  2678 | D:4      | Reached XP level 6. HP: 50/56 MP: 5/5
  2749 | D:4      | Found a sand-covered staircase.
  2814 | Ossuary  | Entered an ossuary
  2814 | Ossuary  | Noticed a wraith
  2814 | Ossuary  | Noticed a wraith
  2814 | Ossuary  | Noticed a wraith
  2897 | Ossuary  | Noticed a wraith
  2933 | Ossuary  | Killed a wraith
  2934 | Ossuary  | Reached skill level 5 in Armour
  2934 | Ossuary  | Reached XP level 7. HP: 20/62 MP: 6/6
  3106 | Ossuary  | Reached *** piety under Trog
  3393 | D:4      | Found a staircase to the Ecumenical Temple.
  3854 | D:4      | Reached skill level 5 in Dodging
  4050 | D:5      | Entered Level 5 of the Dungeon
  4075 | D:5      | Found Bunalog's Jewellery Shoppe.
  4083 | D:5      | Noticed Blork the orc
  4101 | D:5      | Killed Blork the orc
  4619 | D:5      | Noticed Prince Ribbit
  4640 | D:5      | Killed Prince Ribbit
  4641 | D:5      | Reached XP level 8. HP: 58/71 MP: 7/7
  4802 | D:5      | Noticed Menkaure
  4808 | D:5      | Killed Menkaure
  4823 | D:5      | Found an opulent altar of Gozag.
  5599 | D:6      | Noticed a deep elf pyromancer
  5613 | D:6      | Killed a deep elf pyromancer
  5614 | D:6      | Reached XP level 9. HP: 63/81 MP: 8/8
  6330 | D:6      | Reached **** piety under Trog
  6475 | D:7      | Identified the +1 leather armour of Inviolability {rN++
                  | Str+6 Dex-5}
  7014 | D:7      | Reached skill level 1 in Evocations
  7090 | D:7      | Found an ancient bone altar of Kikubaaqudgha.
  7696 | D:8      | Reached XP level 10. HP: 42/91 MP: 9/9
  8053 | D:8      | Reached ***** piety under Trog
  8537 | D:9      | Found a runed translucent gate.
  8539 | D:9      | Found a runed translucent gate.
  8539 | D:9      | Found an opulent altar of Gozag.
  8540 | D:9      | Found a runed translucent gate.
  8541 | D:9      | Noticed a centaur warrior
  8542 | D:9      | Noticed mkat's ghost (journeyman HuFi)
  8542 | D:9      | Noticed a manticore
  8641 | D:9      | Found a glowing golden altar of the Shining One.
  8811 | D:9      | Found a radiant altar of Vehumet.
  8902 | D:9      | Found a shadowy altar of Dithmenos.
  8959 | D:9      | Received a gift from Trog
  8960 | D:9      | Reached skill level 10 in Fighting
  8960 | D:9      | Reached skill level 10 in Polearms
  9135 | D:9      | Found a staircase to the Lair.
  9188 | D:9      | HP: 4/139 [slime creature (5)]
  9188 | D:9      | Slain by a slime creature

Illustrated notes

Levels and vault maps discovered:
D:1:      heliophobic_arrival_glass_houses, layout_basic
D:2:      layout_basic, ebering_ecumenical_altar_hall, minmay_pentomino_r2,
          uniq_natasha
D:3:      layout_rooms, nicolae_ashenzari_skybound, slow_altar_2, uniq_jessica
D:4:      layout_loops_ring, minmay_temple_entry_fiery,
          nicolae_ossuary_entry_plus, corexii_shack, eino_tiny_chamber
D:5:      layout_rooms, mainiacjoe_overflow_alcove_2, serial_shops,
          nicolae_shop_gaudy_bauble, chequers_serial_rivers_room_a,
          chequers_serial_rivers_micro_d, uniq_menkaure, uniq_blork_the_orc,
          uniq_prince_ribbit1
D:6:      layout_loops_ring, minmay_misc_feat_tower, dk_noncrumbling_2,
          amethyst_killhole, minmay_misc_feat_roman, guppyfry_early_elven_hall
D:7:      layout_loops_cross, kennysheep_vampire_church
D:8:      layout_gridville, minmay_fractal_squares_gapless_5
D:9:      layout_loops_ring, nicolae_dithmenos_through_a_glass_darkly,
          lemuel_crystal_altar, nicolae_vehumet_altar_sigil, pf_just_have_faith,
          lair_entry_dummy, ebering_ghost_gozag, serial_shops, shop,
          minivault_19

Skill      XL: |  1  2  3  4  5  6  7  8  9 10 |
---------------+-------------------------------+-----
Polearms       | 4 5 6 7 9 10 | 10.2
Fighting       | 4 5 6 7 9 10 | 10.2
Armour         | 3 4 5 6 7 8 9 |  9.8
Dodging        | 3 4 5 6 8 9 |  9.0
Evocations     | 2 4 |  4.1

Action                     |  1- 3 |  4- 6 |  7- 9 | 10-12 || total
---------------------------+-------+-------+-------+-------++-------
  Melee: Spear             |   116 |   144 |   336 |       ||   596
         Headbutt          |    14 |    28 |    68 |    32 ||   142
         Punch             |     1 |       |     1 |       ||     2
         Halberd           |       |       |    77 |   147 ||   224
 Invoke: Berserk           |       |     3 |       |     1 ||     4
         Trog's Hand       |       |     2 |       |       ||     2
    Use: Scroll            |       |       |    14 |       ||    14
   Stab: Sleeping          |     1 |       |       |       ||     1
 Armour: Animal skin       |     7 |       |       |       ||     7
         Plate armour      |    24 |    84 |   204 |    82 ||   394
  Dodge: Dodged            |    38 |    37 |   104 |    44 ||   223
